 Dungeon Crawl Stone Soup version 0.23.2-1-ga50397a (webtiles) character file.

Game seed: 44099177332354011

32 xveg the Bolt Thrower (level 3, -2/30 HPs)
             Began as a Minotaur Hunter on May 8, 2019.
             Slain by a quokka (3 damage)
             ... on level 2 of the Dungeon.
             The game lasted 00:03:06 (821 turns).

xveg the Bolt Thrower (Minotaur Hunter)              Turns: 821, Time: 00:03:07

Health: -2/30      AC:  3    Str: 21    XL:     3   Next: 10%
Magic:  2/2        EV: 12    Int:  8    God:
Gold:   100        SH:  0    Dex: 11    Spells: 2/2 levels left

rFire    . . .     SeeInvis .   a - +1 hand crossbow
rCold    . . .     Gourm    .   (no shield)
rNeg     . . .     Faith    .   c - +0 leather armour
rPois    .         Spirit   .   (helmet restricted)
rElec    .         Reflect  .   (no cloak)
rCorr    .         Harm     .   (no gloves)
MR       .....                  (no boots)
Stlth    +.........             (no amulet)
HPRegen  0.10/turn              i - +5 ring of strength
MPRegen  0.08/turn              j - ring of wizardry

@: no status effects
A: retaliatory headbutt, horns 2
a: no special abilities


You were on level 2 of the Dungeon.
You were not hungry.

You visited 1 branch of the dungeon, and saw 2 of its levels.

You collected 100 gold pieces.

Inventory:

Hand Weapons
 a - a +1 hand crossbow (weapon)
 b - a +0 falchion
 e - a -2 dagger
 k - a +0 short sword
Missiles
 d - 18 bolts (quivered)
Armour
 c - a +0 leather armour (worn)
Jewellery
 i - a +5 ring of strength (left hand)
 j - a ring of wizardry (right hand)
Scrolls
 l - 4 scrolls of magic mapping {unknown}
 m - a scroll of identify {unknown}
 n - a scroll of amnesia {unknown}
Potions
 g - a potion of haste {unknown}
 h - a potion of magic {unknown}
 o - 2 potions of degeneration {unknown}
Comestibles
 f - a ration


   Skills:
 + Level 2.5 Fighting
 + Level 0.2 Short Blades
 + Level 5.1 Crossbows
 + Level 0.9 Armour
 + Level 2.6 Dodging
 + Level 0.7 Stealth


You had 2 spell levels left.
You didn't know any spells.
Your spell library was empty.

Dungeon Overview and Level Annotations

Branches:
Dungeon (2/15)

Altars:


Innate Abilities, Weirdness & Mutations

You reflexively headbutt those who attack you in melee.
You have a pair of horns on your head.


Message History

You barely miss the quokka. Your headbutt misses the quokka.
The quokka bites you.
* * * LOW HITPOINT WARNING * * *
You miss the quokka. The quokka misses you. The quokka bites you.
* * * LOW HITPOINT WARNING * * *
You hit the quokka but do no damage. The quokka closely misses you.
a - a +1 hand crossbow (weapon)
The quokka bites you but does no damage.
Firing (i - inventory)
d - 20 bolts (quivered)
Press: ? - help, Shift-Dir - straight line, f - quokka
Aim: a quokka You shoot a bolt.
The bolt hits the quokka.
The quokka is lightly wounded.
The quokka bites you.
* * * LOW HITPOINT WARNING * * *
Firing (i - inventory)
d - 19 bolts (quivered)
Press: ? - help, Shift-Dir - straight line, f/p - quokka
Aim: a quokka (lightly wounded)
You shoot a bolt. The bolt closely misses the quokka.
The quokka bites you.
You die...

#..........#....#
#..........#....#
#..........#....#
#..........#....#######.
#..........#....#..........
#..........###.(..# ...
###########.......### ...#
#(.(..#(..##.....
#r@(..#(...#.....
#................
###).....)#..##.>..
#.......††.....[...
#.#.......##.##....
#.#<.....## .# ... .
###....# .. # #.
#..........# #.##...##.##


You could see a quokka.

Vanquished Creatures
  A dart slug (D:2)
  3 leopard geckos
  3 giant cockroaches (D:1)
  2 hobgoblins
  5 kobolds
  A ball python (D:1)
  3 bats
  2 frilled lizards
  2 goblins
  8 rats (D:1)
30 creatures vanquished.

Notes
Turn   | Place    | Note
-------+----------+-------------------------------------------
     0 | D:1      | xveg the Minotaur Hunter began the quest for the Orb.
     0 | D:1      | Reached XP level 1. HP: 18/18 MP: 0/0
   156 | D:1      | Reached XP level 2. HP: 22/25 MP: 1/1
   314 | D:1      | Reached skill level 5 in Crossbows
   558 | D:1      | You fall through a shaft!
   617 | D:2      | Reached XP level 3. HP: 7/30 MP: 2/2
   820 | D:2      | HP: 1/30 [quokka (3)]
   821 | D:2      | Slain by a quokka

Skill      XL: |  1  2 |
---------------+-------+-----
Crossbows      | 5 |  5.1
Fighting       | |  2.5
Short Blades   | |  0.2
Armour         | |  0.9
Dodging        | |  2.6
Stealth        | |  0.7

Action                   || total
-------------------------++-------
Melee: Dagger            ||    72
       Headbutt          ||     7
       Falchion          ||     9
 Fire: Hand crossbow     ||     2
  Use: Scroll            ||     1
Armor: Leather armour    ||    28
Dodge: Dodged            ||    76
       Rpst.: Falchion   ||     2
